 Dungeon Crawl Stone Soup version 0.26-a0-610-g3e9335bbc7 (webtiles) character file.

Game seed: 16036888277348634998

12301 bauhaus the Grappler (level 11, -12/166 HPs)
             Began as a Troll Monk on Sept 3, 2020.
             Was an Elder of Cheibriados.
             Mangled by a manticore (13 damage)
             ... on level 11 of the Dungeon.
             The game lasted 00:19:05 (9090 turns).

bauhaus the Grappler (Troll Monk)                   Turns: 9090, Time: 00:19:06

Health: -12/166    AC: 25    Str: 31    XL:     11   Next: 60%
Magic:  0/26       EV:  1    Int: 19    God:    Cheibriados [****..]
Gold:   562        SH:  0    Dex: 28    Spells: 10/10 levels left

rFire    . . .     SeeInvis .     - Unarmed
rCold    . . .     Faith    .   (no shield)
rNeg     + + +     Spirit   +   (armour currently unavailable)
rPois    +         Reflect  .   (helmet currently unavailable)
rElec    .         Harm     .   (cloak currently unavailable)
rCorr    .         NoTele   +   (gloves unavailable)
MR       .....                  (boots unavailable)
Stlth    ++........             z - amulet of guardian spirit
HPRegen  0.77/turn              E - ring of magical power
MPRegen  0.20/turn              I - +6 ring of dexterity

@: tree-form, very slow
A: large, unfitting armour, regeneration 1
a: Bend Time, Temporal Distortion, Slouch, Renounce Religion


You were on level 11 of the Dungeon.
You worshipped Cheibriados.
Cheibriados was greatly pleased with you.
You were a tree.
You visited 2 branches of the dungeon, and saw 12 of its levels.
You also visited: Ossuary.

You collected 562 gold pieces.

Inventory:

Missiles
 G - 9 large rocks (quivered)
Armour
 t - a +0 cloak (melded)
 C - a +2 robe of cold resistance (melded)
Jewellery
 b - an uncursed ring of poison resistance
 c - an uncursed ring of protection from fire
 z - an amulet of guardian spirit (around neck)
 E - a ring of magical power (left branch)
 I - a +6 ring of dexterity (right branch)
Wands
 J - a wand of iceblast (4)
Scrolls
 e - 9 scrolls of teleportation
 f - 2 scrolls of enchant armour {unknown}
 h - 5 scrolls of remove curse
 n - 2 scrolls of amnesia
 o - 6 scrolls of immolation
 r - 7 scrolls of fog
 x - 3 scrolls of magic mapping
 y - a scroll of holy word
 B - a scroll of blinking
 D - a scroll of vulnerability
 H - a scroll of summoning
Potions
 a - 2 potions of berserk rage {unknown}
 d - 4 potions of flight {unknown}
 g - 5 potions of ambrosia {unknown}
 i - a potion of cancellation {unknown}
 j - 4 potions of curing {unknown}
 k - 12 potions of degeneration {unknown}
 l - 2 potions of might {unknown}
 m - 2 potions of lignification
 q - 3 potions of stabbing {unknown}
 s - 3 potions of mutation {unknown}
 u - 3 potions of haste
 v - 3 potions of brilliance {unknown}
 w - a potion of invisibility {unknown}
 A - a potion of magic
 L - 2 potions of resistance {unknown}


   Skills:
 - Level 8.2 Fighting
 + Level 6.5 Throwing
 - Level 2.4 Dodging
 - Level 1.0 Stealth
 - Level 10.3 Unarmed Combat
 - Level 9.7 Invocations
 - Level 1.0 Evocations


You had 10 spell levels left.
You didn't know any spells.
Your spell library was empty.

Dungeon Overview and Level Annotations

Branches:
Dungeon (11/15)            Temple (1/1) D:5            Lair (0/6) D:8
Ossuary (visited)
    Orc: D:9-12

Altars:
Ashenzari
Cheibriados
Dithmenos
Fedhas
Gozag
Kikubaaqudgha
Makhleb
Nemelex Xobeh
Okawaru
Qazlal
Ru
Uskayaw
Vehumet
Wu Jian
Xom
Yredelemnul
The Shining One

Shops:
D:9 (:


Innate Abilities, Weirdness & Mutations

You are too large for most types of armour.
((You have claws for hands.))
Your natural rate of healing is unusually fast.
((You are covered in fur. (AC +1)))
((You have extremely tough skin. (AC +3)))


Message History

Really quaff the potion of lignification?
You turn into a tree.
Your +0 cloak melds into your body.
Your +2 robe of cold resistance melds into your body.
You feel less resistant to cold.
Your roots penetrate the ground.
The manticore bites you.
* * * LOW HITPOINT WARNING * * *
The manticore claws you but does no damage. x2
Okay, then.
You smack the manticore!
The manticore is lightly wounded.
The manticore bites you but does no damage.
The manticore claws you!
* * * LOW HITPOINT WARNING * * *
The manticore claws you!
* * * LOW HITPOINT WARNING * * *
Okay, then.
You hit the manticore but do no damage.
The manticore is lightly wounded.
The manticore bites you!
You die...

#.... .... ######
###### ..##
#....###....##...#
#.....#......##..##
...#.....#....#...#
###########...#...#
#..###..# ##..#.H##
..#.♣.# .###..# ..
...# #..## ##.. ...
... ..##


You could see a manticore.

Vanquished Creatures
  A hydra (D:11)
  2 two-headed ogres
  3 death yaks (D:8)
  An unseen horror (D:11)
  An orc knight (D:11)
  Pikel (D:4)
  A manticore (D:11)
  2 deep elf magi
  A cyclops (D:11)
  A troll (D:11)
  Grinder (D:5)
  2 wyverns
  A shadow (D:11)
  3 yaks (D:8)
  A vampire mosquito (D:11)
  Menkaure (D:4)
  A water moccasin (D:11)
  Duvessa (D:5)
  3 orc warriors
  2 ice beasts
  2 phantoms
  2 sky beasts
  6 centaurs
  2 ogres
  A big kobold (D:8)
  4 bullfrogs
  Dowan (D:5)
  2 scorpions
  3 wights (D:8)
  3 howler monkeys
  2 centaur zombies
  5 hounds
  A human zombie (Ossuary)
  5 orc priests
  2 jellies
  3 bullfrog skeletons
  2 centaur skeletons
  3 iguanas
  Terence (D:3)
  7 orc wizards
  5 worker ants
  A big kobold zombie (Ossuary)
  A hound skeleton (D:6)
  4 mummies (Ossuary)
  2 worker ant zombies
  7 adders
  2 shadow imps
  7 white imps
  2 ufetubi
  An adder skeleton (D:4)
  An adder zombie (D:5)
  2 worms (D:2)
  A dart slug (D:1)
  4 leopard geckos
  31 orcs
  9 giant cockroaches
  5 goblins
  10 hobgoblins
  9 jackals
  11 kobolds
  4 quokkas
  2 ball pythons
  8 bats
  8 frilled lizards
  A goblin zombie (Ossuary)
  A hobgoblin zombie (Ossuary)
  A jackal skeleton (D:8)
  A jackal zombie (D:5)
  A kobold zombie (Ossuary)
  2 orc zombies (Ossuary)
  6 rats
237 creatures vanquished.

Vanquished Creatures (others)
  An orc wizard (D:8)
1 creature vanquished.

Grand Total: 238 creatures vanquished

Notes
Turn   | Place    | Note
-------+----------+-------------------------------------------
     0 | D:1      | bauhaus the Troll Monk began the quest for the Orb.
     0 | D:1      | Reached XP level 1. HP: 22/22 MP: 0/0
   200 | D:1      | Reached XP level 2. HP: 29/29 MP: 1/1
   547 | D:1      | Reached skill level 4 in Unarmed Combat
   681 | D:2      | Found a sparkling altar of Nemelex Xobeh.
   721 | D:2      | Reached XP level 3. HP: 36/36 MP: 2/2
   742 | D:2      | Found a faded altar of an unknown god.
  1075 | D:2      | Found an ornate altar of the Wu Jian Council.
  1102 | D:2      | Reached XP level 4. HP: 41/44 MP: 3/3
  1116 | D:2      | Reached skill level 5 in Unarmed Combat
  1716 | D:3      | Noticed Terence
  1722 | D:3      | Killed Terence
  1929 | D:3      | Reached XP level 5. HP: 50/50 MP: 4/4
  2257 | D:4      | Reached skill level 6 in Unarmed Combat
  2327 | D:4      | Noticed a lemure
  2327 | D:4      | Noticed a lemure
  2327 | D:4      | Noticed a lemure
  2328 | D:4      | Noticed Pikel
  2330 | D:4      | Noticed a lemure
  2344 | D:4      | Killed Pikel
  2344 | D:4      | Reached skill level 5 in Fighting
  2344 | D:4      | Reached XP level 6. HP: 22/66 MP: 5/5
  2344 | D:4      | Reached XP level 7. HP: 24/72 MP: 6/6
  2350 | D:4      | HP: 1/72 [orc/+0 flail (4)]
  2607 | D:4      | Found an opulent altar of Gozag.
  2704 | D:4      | Found a sand-covered staircase.
  2711 | Ossuary  | Entered an ossuary
  2867 | Ossuary  | Reached skill level 7 in Unarmed Combat
  3072 | D:4      | Noticed Menkaure
  3082 | D:4      | Killed Menkaure
  3082 | D:4      | Reached XP level 8. HP: 62/81 MP: 4/7
  3390 | D:5      | Entered Level 5 of the Dungeon
  3390 | D:5      | Noticed Duvessa
  3390 | D:5      | Noticed Dowan
  3399 | D:5      | Killed Duvessa
  3399 | D:5      | Reached skill level 8 in Unarmed Combat
  3414 | D:5      | Killed Dowan
  3533 | D:5      | Reached skill level 9 in Unarmed Combat
  3820 | D:5      | Noticed Grinder
  3833 | D:5      | Killed Grinder
  3833 | D:5      | Reached skill level 10 in Unarmed Combat
  3974 | D:5      | Found a staircase to the Ecumenical Temple.
  3983 | Temple   | Entered the Ecumenical Temple
  4030 | Temple   | Became a worshipper of Cheibriados the Contemplative
  4030 | Temple   | Reached * piety under Cheibriados
  4030 | Temple   | Reached ** piety under Cheibriados
  4344 | D:5      | Found an iron altar of Okawaru.
  4344 | D:5      | Found a sacrificial altar of Ru.
  4437 | D:6      | Reached skill level 1 in Invocations
  4437 | D:6      | Reached XP level 9. HP: 88/88 MP: 8/8
  5521 | D:7      | Reached skill level 5 in Invocations
  6067 | D:8      | Reached *** piety under Cheibriados
  6171 | D:8      | Noticed a death yak
  6184 | D:8      | Noticed a death yak
  6185 | D:8      | Killed a death yak
  6204 | D:8      | Noticed a death yak
  6213 | D:8      | Killed a death yak
  6213 | D:8      | Reached XP level 10. HP: 17/96 MP: 1/15
  6227 | D:8      | Killed a death yak
  6329 | D:8      | Found a staircase to the Lair.
  6583 | D:8      | Reached **** piety under Cheibriados
  6882 | D:8      | Noticed a two-headed ogre
  6896 | D:8      | Killed a two-headed ogre
  7193 | D:9      | Found a shadowy altar of Dithmenos.
  7283 | D:9      | Found Lutitoyr's Antique Weapon Boutique.
  7469 | D:9      | Found a stormy altar of Qazlal.
  7491 | D:9      | Found Oroag's Book Shoppe.
  7610 | D:10     | Entered Level 10 of the Dungeon
  7801 | D:10     | Noticed a deep elf mage
  7804 | D:10     | Killed a deep elf mage
  7804 | D:10     | Reached skill level 1 in Evocations
  7804 | D:10     | Reached XP level 11. HP: 110/110 MP: 17/17
  7804 | D:10     | Noticed a two-headed ogre
  7807 | D:10     | Killed a two-headed ogre
  7807 | D:10     | Reached ***** piety under Cheibriados
  8061 | D:11     | Noticed a deep elf mage
  8074 | D:11     | Killed a deep elf mage
  8074 | D:11     | Reached skill level 1 in Throwing
  8449 | D:11     | Noticed an orc knight
  8460 | D:11     | Killed an orc knight
  8541 | D:11     | Noticed a seven-headed hydra
  8549 | D:11     | HP: 4/111 [seven-headed hydra (9)]
  8552 | D:11     | Killed a seven-headed hydra
  8552 | D:11     | Reached skill level 5 in Throwing
  8978 | D:11     | Killed an unseen horror
  9073 | D:11     | Noticed a tengu reaver
  9079 | D:11     | Noticed a frost giant
  9089 | D:11     | HP: 8/166 [manticore (7)]
  9089 | D:11     | HP: 1/166 [manticore (7)]
  9090 | D:11     | Mangled by a manticore

Illustrated notes

Levels and vault maps discovered:
D:1:      minmay_arrival_arboretum_small, layout_loops_ring
D:2:      layout_loops_ring, nemelex_xobeh_ov_fountains_minmay,
          nicolae_overflow_hidden_temple, chequers_ecumenical_altar_simple_redux
D:3:      layout_basic, minivault_5, hex_large, uniq_terence
D:4:      layout_loops_ring, grunt_gozag_breadcrumbs,
          chequers_ossuary_entry_cave, hangedman_abyss_or_decor_stabs,
          uniq_menkaure, uniq_pikel
D:5:      layout_gridville, gammafunk_temple_overflow_wave,
          minmay_temple_entry_statues_pillars, uniq_duvessa, uniq_grinder
D:6:      layout_gridville
D:7:      layout_basic, kennysheep_minor_cross
D:8:      layout_loops_ring, dpeg_lair_monsters
D:9:      layout_loops_ring, lemuel_crystal_altar, serial_shops, shop, shop,
          grunt_qazlal_clouds
D:10:     layout_basic
D:11:     minmay_tile_spiral, layout_irregular_city
Temple:   kb_temple_of_zot

Skill      XL: |  1  2  3  4  5  6  7  8  9 10 11 |
---------------+----------------------------------+-----
Unarmed Combat | 4 5 6 7 10 | 10.3
Fighting       | 5 7 8 |  8.2
Invocations    | 1 8 9 |  9.7
Evocations     | 1 |  1.0
Throwing       | 6 |  6.5
Dodging        | |  2.4
Stealth        | |  1.0

Action                   |  1- 3 |  4- 6 |  7- 9 | 10-12 || total
-------------------------+-------+-------+-------+-------++-------
Melee: Unarmed           |   110 |    92 |   287 |   203 ||   692
       Punch             |     2 |     1 |    21 |    10 ||    34
Throw: Large rock        |       |       |       |    17 ||    17
Invok: Bend Time         |       |       |     1 |       ||     1
       Slouch            |       |       |       |     2 ||     2
Evoke: Wand              |       |       |       |     4 ||     4
  Use: Scroll            |       |       |    12 |     5 ||    17
       Potion            |       |       |       |     7 ||     7
 Stab: Sleeping          |     4 |     3 |     4 |     6 ||    17
       Distracted        |       |       |     1 |       ||     1
Armor: Robe              |    51 |    26 |    90 |    92 ||   259
       Skin              |       |       |       |    41 ||    41
Dodge: Dodged            |    45 |    44 |   123 |   123 ||   335

Table legend: (Time is in decaauts)
 A = Elapsed time spent in this place.
 B = Non-inter-level travel time spent in this place.
 C = Inter-level travel time spent in this place.
 D = Time resting spent in this place.
 E = Time spent auto-exploring this place.
 F = Levels seen in this place.
 G = Mean time per level.
                   A        B        C        D        E       F      G
               +--------+--------+--------+--------+--------+-----+--------+
         Total |  11234 |  10655 |    579 |    605 |   8131 |  13 |  864.2 |
       Dungeon |  10896 |  10342 |    554 |    605 |   7949 |  11 |  990.5 |
        Temple |     91 |     67 |     24 |      0 |     41 |   1 |   91.0 |
       Ossuary |    246 |    246 |      0 |      0 |    141 |   1 |  246.0 |
               +--------+--------+--------+--------+--------+-----+--------+

Top non-repeatable levels by time:
     D:8: 1328 daAuts
    D:11: 1309 daAuts
     D:7: 1273 daAuts
     D:6: 1093 daAuts
     D:5: 1087 daAuts
     D:9: 967 daAuts
     D:3: 887 daAuts
     D:4: 830 daAuts
     D:2: 727 daAuts
    D:10: 720 daAuts
     D:1: 673 daAuts
 Ossuary: 246 daAuts
  Temple: 91 daAuts
